 Dungeon Crawl Stone Soup version 0.17-a0-1093-g0b3cd89 (webtiles) character file.

5111 AnnoyedKobold the Destroyer (level 10, -5/69 HPs)
             Began as a White Draconian Conjurer on May 20, 2015.
             Was a Priest of Vehumet.
             Slain by an ogre
             ... wielding a +0 giant spiked club
              (20 damage)
             ... on level 8 of the Dungeon.
             The game lasted 00:58:09 (14077 turns).

AnnoyedKobold the Destroyer (DrCj)                 Turns: 14077, Time: 00:58:10

Health: -5/69      AC: 10    Str: 11    XL:     10   Next: 32%
Magic:  9/20       EV: 18    Int: 17    God:    Vehumet [***...]
Gold:   340        SH:  0    Dex: 16    Spells: 3 memorised, 16 levels left

rFire  . . .     SeeInvis +     K - +9 trident of Collusion {flame, SInv}
rCold  + . .     Clarity  .     (armour unavailable)
rNeg   + . .     SustAb   .     (no shield)
rPois  .         Gourm    .     (helmet restricted)
rElec  .         Spirit   .     (no cloak)
rCorr  .         Warding  +     (no gloves)
rMut   .         Stasis   .     l - +2 pair of boots
MR     .....                    y - amulet of Ycodiev {Ward rN+ Dex+3}
Stlth  ++........               (no ring)
                                (no ring)

@: not resistant to hostile enchantments, unstealthy
A: breathe frost, unfitting armour, stinger 1, cold resistance 1, cold-blooded,
AC +7
a: Breathe Frost, Renounce Religion


You were on level 8 of the Dungeon.
You worshipped Vehumet.
Vehumet was most pleased with you.
You were hungry.

You visited 2 branches of the dungeon, and saw 10 of its levels.
You also visited: Ossuary.

You collected 352 gold pieces.
You spent 12 gold pieces at shops.

Inventory:

Hand weapons
 m - a +2 dagger of electrocution
 K - the +9 trident of Collusion (weapon) {flame, SInv}
   (You took it off an orc priest on level 6 of the Dungeon)

   It has been specially enchanted to burn those struck by it, causing extra
   injury to most foes and up to half again as much damage against particularly
   susceptible opponents.
   It lets you see invisible.
Armour
 l - a +2 pair of boots (worn)
Jewellery
 c - an uncursed amulet of rage
 t - an uncursed ring of teleportation
 y - the amulet of Ycodiev (around neck) {Ward rN+ Dex+3}
   (You found it in an ossuary)

   [amulet of warding]

   It may prevent the melee attacks of summoned creatures.
   It affects your dexterity (+3).
   It protects you from negative energy.
Magical devices
 j - a wand of slowing (25)
 C - a wand of paralysis (10)
 F - a wand of draining (3)
Scrolls
 d - 3 scrolls of identify
 e - 3 scrolls of fog
 f - 7 scrolls of remove curse
 g - a scroll of silence {unknown}
 h - a scroll of magic mapping
 k - 2 scrolls of blinking
 o - 2 scrolls of teleportation {unknown}
 s - a scroll of recharging {unknown}
 H - a scroll of enchant weapon {unknown}
 J - 3 scrolls of enchant armour {unknown}
 L - a scroll of holy word {unknown}
Potions
 i - 2 potions of might
 n - 3 potions of heal wounds
 p - 2 potions of brilliance
 q - a potion of ambrosia {unknown}
 r - 2 potions of curing
 u - 2 potions of lignification
 v - a potion of cancellation {unknown}
 w - a potion of haste
 x - 2 potions of invisibility
 z - 2 potions of flight
 D - a potion of agility
 E - a potion of berserk rage
Books
 a - a book of Conjurations

   Spells                             Type                      Level
   a - Magic Dart                     Conjuration                  1
   b - Searing Ray                    Conjuration                  2
   c - Dazzling Spray                 Conjuration/Hexes            3
   d - Fulminant Prism                Conjuration/Hexes            4
   e - Iskenderun's Mystic Blast      Conjuration                  4
   f - Iskenderun's Battlesphere      Conjuration/Charms           5
Comestibles
 b - 2 bread rations
 A - a slice of pizza
 I - 2 meat rations


   Skills:
 + Level 3.2 Polearms
 * Level 8.8 Dodging
 - Level 1.7 Stealth
 - Level 7.3 Spellcasting
 + Level 9.7 Conjurations


You had 16 spell levels left.
You knew the following spells:

 Your Spells              Type           Power        Failure   Level  Hunger
a - Magic Dart            Conj           ####         1%          1    None
b - Iskenderun's Mystic   Conj           #####...     1%          4    ####...
c - Throw Frost           Conj/Ice       ###...       1%          2    None


Dungeon Overview and Level Annotations

Branches:
Dungeon (9/15)             Temple (1/1) D:5
   Lair: D:8-11         Orc: D:9-12

Altars:
Ashenzari
Cheibriados
Dithmenos
Elyvilon
Fedhas
Gozag
Kikubaaqudgha
Makhleb
Nemelex Xobeh
Okawaru
Qazlal
Ru
Sif Muna
Trog
Vehumet
Xom
Yredelemnul
Zin
The Shining One

Shops:
D:4 [??:(   D:6 !

Annotations:
D:8 Pikel


Innate Abilities, Weirdness & Mutations

You can breathe waves of freezing cold.
You can buffet flying creatures when you breathe cold.
Your icy white scales are hard (AC +7).
Your body does not fit into most forms of armour.
Your flesh is cold resistant.
You are cold-blooded and may be slowed by cold attacks.
Your tail ends in a poisonous barb.


Message History

Okay, then.
Pikel hits you but does no damage.
You are electrocuted!
The slave completely misses you.
You climb upwards.
There is a stone staircase leading down, spattered with blood here.
Casting: Iskenderun's Mystic Blast
Confirm with . or Enter, or press ? or * to list all spells.
Aiming: Iskenderun's Mystic Blast
Press: ? - help, Shift-Dir - straight line, f - Pikel
Aim: Pikel, wielding a whip of electrocution, wearing a robe and carrying a wand of fire {zapped: 2} (severely wounded)
The orb of energy misses Pikel.
The ogre hits you with a giant spiked club!!
The slave hits you!
* * * LOW HITPOINT WARNING * * *
Pikel misses you.
You barely miss Pikel.
Pikel is severely wounded.
The slave barely misses you.
The ogre hits you with a giant spiked club!!
You die...

#.####รท####.# #.##.....##.####
########.#.....%.#.#...
#.....##.#.......#.....
#.###........_.........
#........#.......#.##.#
####..##....#.......#.##.# ##
#.......pK#.##.....##..#.# .#
#.###.###@#.####.####....# .#####
#.# #(# #O#...........##.# .....#
#.###.# #[..#...#..###.... .#[#.#
#.##..# #.#####+#.## #.#.# .....#
#.##.## #.# ##....# #.#.# ##.#.#
#.##.####.###.....## #.#.. ##.#.#
#.........##.......###.##.
.....######...####.........##....
...........#.....+<........+.....


You could see Pikel, an ogre and a slave.

Vanquished Creatures
  The ghost of cporobin the Ruffian, an average TrMo of Makhleb (D:6)
  The ghost of AnnoyedKobold the Covert, an experienced KoAs of Makhleb (D:5)
  2 hippogriffs
  A water moccasin (D:8)
  3 necrophages
  2 sky beasts
  3 orc warriors
  3 slaves
  4 ogres
  An ice beast (D:5)
  2 centaurs
  The ghost of AnnoyedKobold the Sneak, an average KoEn (D:4)
  7 giant frogs
  A water moccasin zombie (D:8)
  A big kobold (D:7)
  A gnoll sergeant (D:5)
  5 killer bees (D:8)
  3 bog bodies (Ossuary)
  A centaur zombie (Ossuary)
  3 hounds
  3 crimson imps
  2 giant frog zombies (Ossuary)
  A centaur skeleton (D:5)
  2 jellies
  7 orc priests
  Jessica (D:2)
  6 iguanas
  14 orc wizards
  5 worker ants
  2 hound skeletons (D:5)
  3 hound zombies (Ossuary)
  2 worker ant zombies
  5 mummies (Ossuary)
  Robin (D:2)
  15 gnolls
  3 river rats (D:4)
  13 adders
  4 shadow imps
  3 adder zombies
  An adder skeleton (D:7)
  4 worms
  5 giant geckos
  27 orcs
  3 ball pythons
  4 bat zombies
  6 giant cockroaches
  23 hobgoblins
  6 jackals
  20 kobolds
  5 quokkas
  18 bats
  3 giant gecko zombies
  8 giant newts
  23 goblins
  2 jackal zombies (Ossuary)
  A quokka zombie (Ossuary)
  14 rats
311 creatures vanquished.

Vanquished Creatures (others)
  2 plants (Ossuary)
2 creatures vanquished.

Grand Total: 313 creatures vanquished

Notes
Turn   | Place    | Note
--------------------------------------------------------------
     0 | D:1      | AnnoyedKobold the Draconian Conjurer began the quest for the Orb.
     0 | D:1      | Reached XP level 1. HP: 14/14 MP: 3/3
   197 | D:1      | Reached XP level 2. HP: 14/20 MP: 1/5
   958 | D:2      | Found a sacrificial altar of Ru.
   961 | D:2      | Reached XP level 3. HP: 26/26 MP: 2/7
  1448 | D:2      | Reached XP level 4. HP: 33/33 MP: 2/8
  1963 | D:2      | Reached skill level 5 in Conjurations
  1983 | D:2      | Learned a level 4 spell: Iskenderun's Mystic Blast
  2145 | D:2      | Noticed Jessica
  2176 | D:2      | Killed Jessica
  2324 | D:2      | Noticed Robin
  2591 | D:2      | Killed Robin
  2591 | D:2      | Reached XP level 5. HP: 38/38 MP: 1/10
  3938 | D:3      | Reached XP level 6. HP: 39/45 MP: 6/12
  4750 | D:3      | Reached skill level 6 in Conjurations
  5077 | D:4      | Found Zosan's Weapon Shoppe.
  5236 | D:4      | Found Darefe's Book Boutique.
  5363 | D:4      | Noticed AnnoyedKobold's ghost (average KoEn)
  5372 | D:4      | Killed AnnoyedKobold's ghost
  5487 | D:4      | Found Fintuhyu's Magic Scroll Shop.
  5494 | D:4      | Found Delax's Magic Scroll Boutique.
  5512 | D:4      | Your scales start taking on a icy white colour.
  5512 | D:4      | Gained mutation: Your flesh is cold resistant. [White Draconian growth]
  5512 | D:4      | Reached XP level 7. HP: 50/50 MP: 3/14
  5743 | D:4      | Found Wumes's Antique Armour Shop.
  6254 | D:5      | Entered Level 5 of the Dungeon
  6254 | D:5      | Noticed AnnoyedKobold's ghost (experienced KoAs)
  6374 | D:5      | Killed AnnoyedKobold's ghost
  6374 | D:5      | Reached skill level 5 in Spellcasting
  6412 | D:5      | Reached skill level 7 in Conjurations
  6581 | D:5      | Found a burning altar of Makhleb.
  6666 | D:5      | Reached XP level 8. HP: 46/57 MP: 3/16
  6728 | D:5      | Found a sand-covered staircase.
  6744 | Ossuary  | Entered an ossuary
  7501 | Ossuary  | Got a coiled sapphire amulet
  7518 | Ossuary  | Identified the amulet of Ycodiev {Ward rN+ Dex+3} (You found it in an ossuary)
  7846 | D:5      | Found a staircase to the Ecumenical Temple.
  7851 | Temple   | Entered the Ecumenical Temple
  7862 | Temple   | Became a worshipper of Vehumet
  7950 | D:5      | Found a blossoming altar of Fedhas.
  8307 | D:5      | Found an iron altar of Okawaru.
  8533 | D:6      | Reached skill level 5 in Dodging
  8705 | D:6      | Noticed cporobin's ghost (average TrMo)
  9024 | D:6      | Reached skill level 8 in Conjurations
  9553 | D:6      | Acquired Vehumet's first power
  9553 | D:6      | Offered knowledge of Shock by Vehumet.
  9920 | D:6      | Reached XP level 9. HP: 51/62 MP: 6/19
 10296 | D:6      | Got a dazzling trident
 10297 | D:6      | Identified the +9 trident of Collusion {flame, SInv} (You took it off an orc priest on level 6 of the Dungeon)
 10369 | D:6      | Found a deep blue altar of Sif Muna.
 10529 | D:6      | Killed cporobin's ghost
 11035 | D:6      | Reached skill level 9 in Conjurations
 11052 | D:6      | Found Hiurutan's Distillery.
 11060 | D:6      | Bought a potion of degeneration for 12 gold pieces
 11606 | D:6      | Offered knowledge of Sandblast by Vehumet.
 11820 | D:7      | Reached skill level 1 in Polearms
 12632 | D:8      | Offered knowledge of Throw Frost by Vehumet.
 12632 | D:8      | Reached XP level 10. HP: 54/69 MP: 14/20
 12636 | D:8      | Learned a level 2 spell: Throw Frost
 13241 | D:8      | Acquired Vehumet's second power
 13246 | D:8      | Found an opulent altar of Gozag.
 13455 | D:8      | Gained mutation: Your tail ends in a poisonous barb. [mutagenic meat]
 13726 | D:9      | Noticed Pikel
 14077 | D:8      | Slain by an ogre

Vault maps used:
D:1:      tarquinn_simple_flora_water_e, corexii_item_surrounded_by_moat
D:2:      nicolae_ru_great_annihilating_truth, uniq_robin, uniq_jessica
D:3:      roderic_ancient_swastika
D:4:      serial_shops, shop, shop, nicolae_shop_crystal,
          nicolae_shop_statue_plus, nicolae_shop_waterfront,
          portal_sewer_entry_a, hangedman_glass_teeth
D:5:      lemuel_doored_altar, overflow_temple_1_default, temple_doors_e,
          first_bread, nicolae_ossuary_entry_monument, fedhas_altar_fruit_tree
D:6:      kennysheep_orc_sif_temple, serial_shops, shop
D:8:      old_standard_altar
D:9:      minmay_lair_entry_grove, hangedman_tree_tricks, grunt_ministairs_13,
          serial_park_tiny_1, uniq_pikel
Temple:   nicolae_temple_no_exploring_needed
Ossuary:  ossuary_zaba_flooded

Action                   |  1- 3 |  4- 6 |  7- 9 | 10-12 || total
-------------------------+-------+-------+-------+-------++-------
Melee: Unarmed           |    12 |       |       |       ||    12
       Dagger            |       |    81 |   201 |       ||   282
       Trident           |       |       |    52 |    50 ||   102
 Cast: Magic Dart        |    68 |   174 |   298 |     9 ||   549
       Iskenderun's Myst |       |    23 |    73 |     9 ||   105
       Throw Frost       |       |       |       |    47 ||    47
 Abil: Evoke Berserk Rag |     1 |       |       |       ||     1
       Breathe Frost     |       |       |     7 |       ||     7
  Use: Potion            |       |     3 |     4 |       ||     7
       Scroll            |       |     6 |    14 |     1 ||    21
 Stab: Sleeping          |       |     1 |       |       ||     1
  Eat: Chunk             |     1 |    14 |    13 |     3 ||    31
       Meat ration       |     1 |       |     1 |       ||     2
       Fruit             |       |       |     4 |     1 ||     5
       Bread ration      |       |       |     3 |       ||     3
       Pizza             |       |       |       |     2 ||     2
